 Dungeon Crawl Stone Soup version 0.30.0-15-g856e2d3f33 (webtiles) character file.

Game seed: 13235099384395433036

125508 Persephone the Spry (level 16, -1/211 HPs)
             Began as a Merfolk Berserker on May 19, 2023.
             Was a High Priest of Trog.
             Succumbed to poison (poison gas)
             ... on level 3 of the Swamp.
             The game lasted 01:09:57 (27178 turns).

Persephone the Spry (Merfolk Berserker)            Turns: 27178, Time: 01:09:58

Health: -1/211     AC: 19    Str: 18    XL:     16   Next: 96%
Magic:  25/25      EV: 23    Int: 11    God:    Trog [*****.]
Gold:   1096       SH: 25    Dex: 20    Spells: 15/15 levels left

rFire   + + +        i - +6 demon blade (venom)
rCold   + + .        N - +4 tower shield {AC+3}
rNeg    . . .        d - +1 ring mail "Nebbi Diut" {Regen+ MP+9}
rPois   .            R - +1 hat {Will+}
rElec   .            Z - scarf {rC+ rF+}
rCorr   .            B - +0 pair of gloves
SInv    .            V - +2 pair of boots of Eternity {Will++}
Will    +++++        L - amulet of regeneration Stlth
                     J - +4 ring of protection
HPRegen 3.15/turn    a - ring of Xenk {+Blink rF++ rC+ Int+4}
MPRegen 0.19/turn

%: no passive effects
@: berserking, lethally poisoned (-1 -> -68), strong-willed, regenerating, very
quick
A: (nimble swimmer 2), mertail, shaggy fur 1
a: Renounce Religion, Evoke Blink, Berserk, Trog's Hand, Brothers in Arms


You were on level 3 of the Swamp.
You worshipped Trog.
Trog was extremely pleased with you.
You visited 4 branches of the dungeon, and saw 25 of its levels.
You also visited: Sewer and Gauntlet.

You collected 2752 gold pieces.
You spent 1656 gold pieces at shops.

Inventory:

Hand Weapons
 i - a +6 demon blade of venom (weapon)
 H - a +0 scimitar of freezing
Missiles
 m - 5 silver javelins
 C - 10 boomerangs
 X - 7 javelins (quivered)
Armour
 d - the +1 ring mail "Nebbi Diut" (worn) {Regen+ MP+9}
   (You bought it in a shop on level 2 of the Orcish Mines)

   MP:        It affects your magic capacity (+9).
   Regen:     It increases your rate of health regeneration.
 v - a scarf of shadows
 x - +2 steam dragon scales
 B - a +0 pair of gloves (worn)
 N - a +4 tower shield of protection (worn)
 R - a +1 hat of willpower (worn)
 U - a scarf of harm
 V - the +2 pair of boots of Eternity (worn) {Will++}
   (You found it in a Gauntlet)

   Will:      It greatly increases your willpower.
 Z - a scarf of resistance (worn)
Jewellery
 a - the ring of Xenk (right hand) {+Blink rF++ rC+ Int+4}
   (You bought it in a shop on level 4 of the Dungeon)

   [ring of protection from cold]

   Int:       It affects your intelligence (+4).
   rF:        It greatly protects you from fire.
   rC:        It protects you from cold.
   +Blink:    It lets you blink.
 u - a ring of positive energy
 G - a ring of protection from fire
 J - a +4 ring of protection (left hand)
 L - an amulet of regeneration (around neck)
 P - a ring of ice
 Q - a ring of resist corrosion
Wands
 w - a wand of polymorph (20)
 A - a wand of digging (6)
 F - a wand of flame (37)
 I - a wand of roots (52)
 Y - a wand of charming (4)
Scrolls
 b - a scroll of enchant armour
 c - 11 scrolls of identify
 h - a scroll of fear
 k - 14 scrolls of teleportation
 q - 3 scrolls of brand weapon
 t - 2 scrolls of silence
 y - 3 scrolls of butterflies
 z - 5 scrolls of fog
 D - 5 scrolls of enchant weapon
 E - 2 scrolls of magic mapping
 K - 4 scrolls of blinking
Potions
 e - 3 potions of attraction
 f - 4 potions of flight
 g - 4 potions of invisibility
 j - 6 potions of brilliance
 l - a potion of cancellation
 n - 7 potions of lignification
 o - 11 potions of curing
 p - a potion of berserk rage
 r - 6 potions of might
 s - 7 potions of mutation
 M - 4 potions of haste
 O - 8 potions of ambrosia
 S - 2 potions of heal wounds


   Skills:
 + Level 17.5 Fighting
 - Level 14.0 Long Blades
 - Level 6.0 Throwing
 - Level 1.3 Armour
 + Level 20.3 Dodging
 + Level 15.8 Shields


You had 15 spell levels left.
You didn't know any spells.
Your spell library was empty.

Dungeon Overview and Level Annotations

Branches:
Dungeon (15/15)            Temple (0/1) D:5            Lair (5/5) D:11
  Swamp (3/4) Lair:3       Spider (0/4) Lair:3        Slime (0/5) Lair:5
    Orc (2/2) D:10            Elf (0/3) Orc:2        Vaults (0/5) D:13
 Depths (0/4) D:15          Sewer (visited)         Gauntlet (visited)

Altars:
Cheibriados
Dithmenos
Makhleb
Okawaru
Uskayaw
Vehumet
Xom
Jiyva
Lugonu

Shops:
D:2 ?   D:4 =   D:6 ?   D:8 *   D:12 ?   D:14 *   Orc:2 [[*?*

Portals:
Abyss: Lair:5

Annotations:
D:11 1 runed translucent door, AlmostDecent's ghost, journeyman TrBe
Lair:2 1 runed translucent door, bakla's ghost, journeyman TeHs


Innate Abilities, Weirdness & Mutations

((You are very nimble when in or above water. (Stealth+, EV+, Speed+++)))
Your lower body shifts to a powerful aquatic tail in water.
You are covered in fur. (AC +1)


Message History

You are engulfed in poison gas.
You are more poisoned.
* * * LOW HITPOINT WARNING * * *
You feel very sick.
You slice the swamp dragon!!
You kill the swamp dragon!
Trog accepts your kill.
You are engulfed in poison gas.
You are more poisoned.
* * * LOW HITPOINT WARNING * * *
You feel extremely sick.
A seven-headed hydra comes into view.
You slice the bunyip!!
The bunyip is almost dead.
You are engulfed in poison gas.
You are lethally poisoned!
* * * LOW HITPOINT WARNING * * *
x2 You feel extremely sick.
You slash the bunyip!
You kill the bunyip!
Trog accepts your kill.
You are engulfed in poison gas.
You are more poisoned.
* * * LOW HITPOINT WARNING * * *
You feel extremely sick.
The swamp dragon breathes poison at you.
The blast of poison engulfs you.
You are more poisoned.
* * * LOW HITPOINT WARNING * * *
You are engulfed in poison gas.
You are more poisoned.
* * * LOW HITPOINT WARNING * * *
You feel extremely sick.
You are too berserk!
You slash the swamp dragon!
The swamp dragon is lightly wounded.
You are engulfed in poison gas.
You are more poisoned.
* * * LOW HITPOINT WARNING * * *
You die...

♣ ♣♣ . ♣§ ♣♣♣♣
♣♣~ ♣~~ ♣.♣ ♣♣§~♣
♣.§ ♣.~ ♣..♣♣...♣
♣♣.
♣.>♣♣.♣~~.♣~♣♣ ♣~
♣...♣.♣♣.♣♣~~♣
♣♣.
♣.~~○☼○○○♣♣♣.♣♣
♣~~ ♣.~○○°○@♣♣
♣.~♣♣ ♣♣.~
.♣♣~~○○○D♣♣
♣♣~~♣♣ ♣~.~
~.§..○○○♣♣
♣~~~♣♣♣♣♣~♣.
.....°D○°♣
♣~~~.♣♣...♣.
♣~~♣~♣○~~.♣
♣♣.§~~§~~♣♣. ~~
♣§♣~♣♣..♣
♣~~.~~..♣♣. . §~
§~..♣~~.~~~§♣♣♣♣.
~~.
~~.♣<.~~~~~..(.<~
.~§
~.~~♣.~~♣~♣~~~~.


You could see a seven-headed hydra and a swamp dragon (catching breath).

Vanquished Creatures
  Jorgrun (D:12)
  A tentacled monstrosity (Swamp:3)
  Gastronok (Lair:3)
  Agnes (D:15)
  A thorn hunter (Swamp:2)
  A fenstrider witch (Swamp:2)
  An orc warlord (Orc:1)
  A stone giant (D:15)
  3 eleionomae
  Azrael (D:15)
  A minotaur (Gauntlet)
  4 bunyips
  Snorg (Orc:1)
  The ghost of pdpol the Cleaver, a journeyman MiFi of Ru (Orc:1)
  Fannar (D:12)
  2 vault guards (D:13)
  8 hydras
  4 ogre magi (Orc:2)
  4 centaur warriors
  A catoblepas (Lair:3)
  17 two-headed ogres
  3 tengu warriors
  9 alligators
  3 boulder beetles
  6 death yaks (Lair:3)
  4 thrashing horrors (Lair:5)
  An orc high priest (Orc:2)
  A skyshark (Lair:5)
  2 goliath frogs
  A pharaoh ant (Lair:2)
  2 swamp dragons (Swamp:3)
  3 bog bodies
  A wizard (D:15)
  A lindwurm (Lair:5)
  3 orc knights
  A shining eye (Gauntlet)
  A deep elf pyromancer (D:12)
  2 orc sorcerers (Orc:1)
  3 manticores
  13 ugly things
  A moth of wrath (shapeshifter) (Lair:5)
  4 cyclopes
  Joseph (D:8)
  11 elephants (Lair:5)
  An apocalypse crab (Gauntlet)
  A torpor snail (Lair:3)
  A black mamba (Lair:2)
  2 smoke demons (Lair:5)
  5 cane toads
  A gargoyle (D:12)
  Maggie (D:7)
  An efreet (D:15)
  2 unseen horrors
  A minotaur zombie (Gauntlet)
  5 kobold demonologists
  A rime drake (D:11)
  11 komodo dragons
  7 meliai
  13 trolls
  2 ancient zymes (Lair:5)
  A queen bee (Lair:5)
  2 polar bears
  Grinder (D:3)
  6 tyrant leeches
  2 tarantellas (Lair:3)
  8 hornets
  12 blink frogs
  Prince Ribbit (D:9)
  A dream sheep (Lair:3)
  A jumping spider (Lair:3)
  5 slime creatures
  A jumping spider (shapeshifter) (Lair:5)
  2 shadows
  2 vampires
  2 large abominations (Lair:5)
  10 spriggans
  2 wyverns
  A spriggan (shapeshifter) (D:13)
  2 wraiths
  2 chaos spawn
  27 yaks
  A golden eye (shapeshifter) (Lair:5)
  4 fire elementals (D:15)
  10 humans (D:13)
  8 basilisks
  9 small abominations (Lair:5)
  Menkaure (D:7)
  A redback (Lair:2)
  2 steam dragons
  7 vampire mosquitoes
  A neqoxec (Gauntlet)
  2 golden eyes (Gauntlet)
  12 wargs
  11 swamp worms
  Edmund (D:5)
  2 acid dragons (D:11)
  4 hell hounds (D:15)
  6 water moccasins
  9 ice beasts
  27 orc warriors
  2 sky beasts
  8 swamp drakes
  2 black bears
  28 ogres
  23 wolves
  6 centaurs
  4 kobold brigands
  3 gnoll sergeants
  9 bullfrogs
  3 scorpions
  8 wights
  24 killer bees
  6 howler monkeys
  An electric eel (Lair:3)
  A crimson imp (D:4)
  5 hounds
  3 jellies
  15 orc priests
  2 sleepcaps
  4 iguanas
  26 orc wizards
  A mummy (D:10)
  15 gnolls
  5 river rats
  25 adders
  A shadow imp (D:7)
  An ufetubus (D:4)
  2 worms
  5 dart slugs
  91 orcs
  12 ball pythons
  9 endoplasms
  6 giant cockroaches
  7 goblins
  4 hobgoblins
  2 jackals (D:5)
  16 kobolds
  2 quokkas
  8 bats
  A frilled lizard (D:2)
  24 rats
817 creatures vanquished.

Vanquished Creatures (others)
  A goliath frog (Swamp:3)
  2 bloated husks
  2 orc wizards
  2 orcs (D:12)
7 creatures vanquished.

Grand Total: 824 creatures vanquished

Notes
Turn   | Place    | Note
-------+----------+-------------------------------------------
     0 | D:1      | Persephone the Merfolk Berserker began the quest for the
                  | Orb.
     0 | D:1      | Reached XP level 1. HP: 18/18 MP: 1/1
   303 | D:1      | Reached XP level 2. HP: 14/24 MP: 2/2
  1057 | D:2      | Reached skill level 5 in Long Blades
  1057 | D:2      | Reached XP level 3. HP: 3/29 MP: 3/3
  1273 | D:2      | Found a faded altar of an unknown god.
  1276 | D:2      | Noticed a golden eye
  1285 | D:2      | Noticed a golden eye
  1289 | D:2      | Noticed a shining eye
  1289 | D:2      | Noticed a golden eye
  1306 | D:2      | Found Qukigent's Magic Scroll Shop.
  1412 | D:2      | Reached ** piety under Trog
  2160 | D:3      | Reached XP level 4. HP: 35/35 MP: 4/4
  2305 | D:3      | Noticed Grinder
  2322 | D:3      | Killed Grinder
  2323 | D:3      | Reached XP level 5. HP: 13/41 MP: 5/5
  2323 | D:3      | Reached XP level 6. HP: 14/47 MP: 6/6
  2786 | D:3      | Found a hide-covered altar of Uskayaw.
  3272 | D:4      | Reached XP level 7. HP: 51/52 MP: 7/7
  3614 | D:4      | Reached skill level 10 in Long Blades
  3679 | D:4      | Reached *** piety under Trog
  3873 | D:4      | Found Coabroll's Jewellery Shop.
  3989 | D:4      | Found a burning altar of Makhleb.
  3990 | D:4      | Found a radiant altar of Vehumet.
  4279 | D:4      | Reached XP level 8. HP: 27/58 MP: 8/8
  4485 | D:5      | Entered Level 5 of the Dungeon
  4503 | D:5      | Found a staircase to the Ecumenical Temple.
  4604 | D:5      | Noticed Edmund
  4675 | D:5      | Killed Edmund
  5033 | D:5      | Reached XP level 9. HP: 36/64 MP: 9/9
  5610 | D:5      | Reached skill level 3 in Dodging
  5784 | D:6      | Noticed a two-headed ogre
  5797 | D:6      | Killed a two-headed ogre
  5798 | D:6      | Reached skill level 4 in Dodging
  5838 | D:6      | Found Asuxzeat's Magic Scroll Boutique.
  5887 | D:6      | Found a glowing drain.
  5900 | Sewer    | Entered a sewer
  6232 | D:6      | Reached skill level 5 in Dodging
  6283 | D:6      | Reached **** piety under Trog
  6294 | D:6      | Reached skill level 5 in Fighting
  6776 | D:7      | Reached XP level 10. HP: 74/74 MP: 10/10
  6802 | D:7      | Noticed Menkaure
  6808 | D:7      | Killed Menkaure
  6928 | D:7      | Noticed Maggie
  6940 | D:7      | Killed Maggie
  6941 | D:7      | Reached skill level 6 in Dodging
  7882 | D:8      | Found Hesaxojemu's Overcharged Wands.
  8178 | D:8      | Reached skill level 7 in Dodging
  8270 | D:8      | Noticed Joseph
  8280 | D:8      | Killed Joseph
  8292 | D:8      | Reached skill level 5 in Throwing
  8292 | D:8      | Reached skill level 5 in Shields
  8603 | D:8      | Found an iron altar of Okawaru.
  9140 | D:9      | Reached skill level 8 in Dodging
  9198 | D:9      | Reached XP level 11. HP: 82/82 MP: 11/11
  9639 | D:9      | Noticed Prince Ribbit
  9647 | D:9      | Killed Prince Ribbit
  9779 | D:10     | Entered Level 10 of the Dungeon
 10305 | D:10     | Identified the +2 war axe "Dyliryli" {freeze, *Slow Fly rF-
                  | Dex+5}
 10312 | D:10     | Noticed a two-headed ogre
 10326 | D:10     | Killed a two-headed ogre
 10433 | D:10     | Reached skill level 9 in Dodging
 10609 | D:10     | Found a staircase to the Orcish Mines.
 10962 | D:10     | Found a snail-covered altar of Cheibriados.
 11351 | D:4      | Bought an amulet of regeneration for 390 gold pieces
 11633 | D:11     | Noticed a manticore
 11643 | D:11     | Killed a manticore
 11672 | D:11     | Found a staircase to the Lair.
 11767 | D:11     | Noticed a cyclops
 11775 | D:11     | Noticed a cyclops
 11781 | D:11     | Killed a cyclops
 11782 | D:11     | Reached skill level 10 in Dodging
 11789 | D:11     | Killed a cyclops
 11930 | D:11     | Found a runed translucent door.
 11930 | D:11     | Noticed AlmostDecent's ghost (journeyman TrBe)
 11930 | D:11     | Noticed a deep troll earth mage
 12576 | Lair:1   | Entered Level 1 of the Lair of Beasts
 12646 | Lair:1   | Reached XP level 12. HP: 96/96 MP: 12/12
 12674 | Lair:1   | Identified the +0 ring mail "Palikyni" {Harm Int+2 Stlth+}
 12885 | Lair:1   | Reached skill level 11 in Dodging
 13658 | Lair:2   | Reached skill level 10 in Fighting
 13964 | Lair:2   | Found a runed translucent door.
 13972 | Lair:2   | Found a shimmering altar of Xom.
 13972 | Lair:2   | Noticed bakla's ghost (journeyman TeHs)
 13972 | Lair:2   | Identified the +2 broad axe "Caur" {chaos, Will+++ Str+3
                  | Dex-3 Stlth+}
 13974 | Lair:2   | You fall into a shaft and drop 2 floors!
 14006 | Lair:4   | Noticed a four-headed hydra
 14021 | Lair:4   | Killed a 12-headed hydra
 14022 | Lair:4   | Reached skill level 12 in Dodging
 15170 | Lair:3   | Found a hole to the Spider Nest.
 15170 | Lair:3   | Noticed a catoblepas
 15199 | Lair:3   | Killed a catoblepas
 15449 | Lair:3   | Reached skill level 13 in Dodging
 15532 | Lair:3   | Reached skill level 10 in Shields
 15532 | Lair:3   | Reached XP level 13. HP: 94/106 MP: 13/13
 15664 | Lair:3   | Noticed Gastronok
 15690 | Lair:3   | Killed Gastronok
 15772 | Lair:3   | Found a shadowy altar of Dithmenos.
 15912 | Lair:3   | Reached ***** piety under Trog
 15921 | Lair:3   | Reached skill level 14 in Dodging
 16028 | Lair:3   | Found a staircase to the Swamp.
 16792 | Lair:4   | Identified the +4 ring mail of Nihilism {Str+2}
 16858 | Lair:5   | Entered Level 5 of the Lair of Beasts
 16982 | Lair:5   | Identified the +5 whip "Yrhymupi" {protect, rElec Str+7
                  | Int-4 Stlth+}
 17359 | Lair:5   | Reached skill level 15 in Dodging
 17385 | Lair:5   | Reached XP level 14. HP: 118/118 MP: 14/14
 17481 | Lair:5   | Found a corrupted altar of Lugonu.
 17481 | Lair:5   | Found a one-way gate to the infinite horrors of the Abyss.
 18039 | Lair:5   | Reached skill level 16 in Dodging
 18112 | Lair:5   | Found a staircase to the Slime Pits.
 18112 | Lair:5   | Found a viscous altar of Jiyva.
 18557 | Lair:5   | Identified a scroll of acquirement
 18557 | Lair:5   | Acquired a +6 demon blade of venom
 18730 | D:12     | Noticed Fannar
 18739 | D:12     | Killed Fannar
 18788 | D:12     | Received a gift from Trog
 18788 | D:12     | Found the +7 lajatang of Order {silver, rMut}
 18891 | D:12     | Noticed Jorgrun
 18910 | D:12     | Killed Jorgrun
 19094 | D:12     | Found Cutwiesi's Magic Scroll Shoppe.
 19689 | D:13     | Found a gate to the Vaults.
 19737 | D:13     | Found a gate leading to a gauntlet.
 19742 | Gauntlet | Entered a Gauntlet
 19742 | Gauntlet | Found a transporter.
 19742 | Gauntlet | Found a runed translucent door.
 19743 | Gauntlet | Found a runed translucent door.
 19745 | Gauntlet | Found a transporter.
 19748 | Gauntlet | Found a transporter.
 19756 | Gauntlet | Found a transporter.
 19759 | Gauntlet | Found a transporter.
 19769 | Gauntlet | Found a transporter.
 19775 | Gauntlet | Found a transporter.
 19793 | Gauntlet | Found a transporter.
 19821 | Gauntlet | Found a transporter.
 19922 | Gauntlet | Found a transporter.
 19922 | Gauntlet | Found a transporter.
 19952 | Gauntlet | Identified the amulet of Akycsuqe {Acrobat Int+4}
 19971 | Gauntlet | Found a transporter.
 19979 | Gauntlet | Gained mutation: You occasionally shout uncontrollably at
                  | your foes. [a shining eye]
 19983 | Gauntlet | Gained mutation: You are frail. (-10% HP) [a shining eye]
 19985 | Gauntlet | Gained mutation: You sometimes lose your temper in combat.
                  | [a shining eye]
 20029 | Gauntlet | Identified the +2 pair of boots of Eternity {Will++}
 20197 | D:13     | Reached skill level 17 in Dodging
 20197 | D:13     | Lost mutation: You sometimes lose your temper in combat.
                  | [potion of mutation]
 20197 | D:13     | Lost mutation: You are frail. (-10% HP) [potion of
                  | mutation]
 20197 | D:13     | Gained mutation: Your magical capacity is low. (-10% MP)
                  | [potion of mutation]
 20197 | D:13     | Gained mutation: You are partially covered in iridescent
                  | scales. (AC +2) [potion of mutation]
 20197 | D:13     | Gained mutation: You have a pair of small horns on your
                  | head. [potion of mutation]
 20198 | D:13     | Lost mutation: Your magical capacity is low. (-10% MP)
                  | [potion of mutation]
 20198 | D:13     | Lost mutation: You occasionally shout uncontrollably at
                  | your foes. [potion of mutation]
 20198 | D:13     | Lost mutation: You are partially covered in iridescent
                  | scales. (AC +2) [potion of mutation]
 20198 | D:13     | Lost mutation: You have a pair of small horns on your head.
                  | [potion of mutation]
 20198 | D:13     | Gained mutation: You are covered in fur. (AC +1) [potion of
                  | mutation]
 20309 | Orc:1    | Entered Level 1 of the Orcish Mines
 20309 | Orc:1    | Found a runed translucent door.
 20387 | Orc:1    | Reached XP level 15. HP: 126/127 MP: 15/15
 20400 | Orc:1    | Noticed pdpol's ghost (journeyman MiFi)
 20402 | Orc:1    | Noticed an orc warlord
 20432 | Orc:1    | Killed an orc warlord
 20840 | Orc:1    | Killed pdpol's ghost
 20846 | Orc:1    | Identified the +3 lajatang of Hacking and Slashing {venom,
                  | rN+}
 20866 | Orc:2    | Entered Level 2 of the Orcish Mines
 20898 | Orc:2    | Found a staircase to the Elven Halls.
 20920 | Orc:2    | Reached skill level 15 in Fighting
 20938 | Orc:2    | Found Pojiucod's Practical Paraphernalia.
 21093 | Orc:1    | Noticed Snorg
 21164 | Orc:2    | Received a gift from Trog
 21472 | Orc:2    | Reached skill level 18 in Dodging
 21595 | Orc:2    | Found Ankaeg Wini's Armour Shop.
 21595 | Orc:2    | Found Hiathuxogy's Magic Scroll Shoppe.
 21611 | Orc:2    | Found Cauhaps's Antique Armour Emporium.
 21611 | Orc:2    | Found Gonyiser's General Store.
 22176 | Orc:1    | Killed Snorg
 22368 | Orc:2    | Bought a heavily runed ring mail for 225 gold pieces
 22368 | Orc:2    | Identified the +1 ring mail "Nebbi Diut" {Regen+ MP+9} (You
                  | bought it in a shop on level 2 of the Orcish Mines)
 22598 | D:4      | Bought the ring of Xenk {+Blink rF++ rC+ Int+4} for 843
                  | gold pieces
 23152 | D:13     | Received a gift from Trog
 24109 | D:14     | Found Tema Nilipn's General Store.
 24114 | D:14     | Bought a +1 tower shield of protection for 198 gold pieces
 24337 | D:14     | Reached XP level 16. HP: 135/138 MP: 16/16
 24391 | D:15     | Entered Level 15 of the Dungeon
 24484 | D:15     | Noticed Azrael
 24507 | D:15     | Killed Azrael
 24508 | D:15     | Reached skill level 19 in Dodging
 24813 | D:15     | Found a staircase to the Depths.
 24933 | D:15     | Noticed Agnes
 24948 | D:15     | Killed Agnes
 24949 | D:15     | Reached skill level 15 in Shields
 25392 | Swamp:1  | Entered Level 1 of the Swamp
 25860 | Swamp:1  | Received a gift from Trog
 26143 | Swamp:2  | Noticed a fenstrider witch
 26153 | Swamp:2  | Paralysed by a fenstrider witch for 5 turns
 26158 | Swamp:2  | HP: 5/141 [alligator (5)]
 26331 | Swamp:2  | Killed a fenstrider witch
 26657 | Swamp:2  | Noticed a thorn hunter
 26675 | Swamp:2  | Killed a thorn hunter
 26676 | Swamp:2  | Reached skill level 20 in Dodging
 26899 | Swamp:3  | Noticed a tentacled monstrosity
 26912 | Swamp:3  | Killed a tentacled monstrosity
 27177 | Swamp:3  | HP: 8/211 [poison (poison gas)]
 27178 | Swamp:3  | Succumbed to poison (poison gas)

Illustrated notes

Levels and vault maps discovered:
D:1:      psy_arrival_whirlpool, layout_loops_corners,
          hangedman_decor_diamond_cutter
D:2:      layout_loops_corners, serial_bayou, serial_bayou_pond_e,
          serial_bayou_pond_a, serial_bayou_pond_c, serial_bayou_lagoon_a,
          hellmonk_ecumenical_altar_watching_god, serial_shops, shop_fountains,
          columned_hall_lemuel
D:3:      minmay_skewed_foursquare, layout_loops_cross,
          nicolae_uskayaw_murder_on_the_dancefloor,
          minmay_fractal_squares_gapless_5, uniq_grinder
D:4:      layout_cave_pools, grunt_temple_overflow_lords_of_destruction,
          serial_shops, shop
D:5:      layout_gridville, minmay_temple_entry_trees, uniq_edmund
D:6:      layout_rooms, serial_shops, nicolae_shop_tiny_real_fake_doors,
          portal_sewer_entry_a, grunt_decor_arrowhead
D:7:      layout_gridville, uniq_menkaure, uniq_maggie
D:8:      layout_loops_ring, kennysheep_little_box,
          nicolae_shop_overcharged_wands, uniq_joseph
D:9:      layout_long_grid, ebering_dispersal_statue_hall,
          kennysheep_generic_room_7, uniq_prince_ribbit1
D:10:     layout_irregular_city, slow_altar_2, erik_orc_4
D:11:     minmay_chambers_of_sixes, layout_small_grid, hellmonk_lair_entry_icy,
          ebering_ghost_inner_flame
D:12:     layout_loops_ring, serial_shops, nicolae_shop_rolled_up, special_room
          [special_room_orc], uniq_jorgrun, uniq_fannar
D:13:     layout_long_grid, ximxim_vaults_locker_room, gauntlet_entry_generic,
          st_stairs_9
D:14:     layout_stronghold, serial_shops, shop, serial_bayou_crossing
D:15:     grunt_enter_depths_snipers, layout_long_grid, minmay_misc_feat_tiny,
          uniq_agnes, uniq_azrael
Lair:1:   layout_small_grid, st_stairs_6, infiniplex_staircase_pool,
          grunt_megastairs_1
Lair:2:   layout_layer_cave, ebering_ghost_xom, lemuel_fruit_fields
Lair:3:   nzn_winding_woodlands_three_and_one
          [nzn_winding_woodlands_5x15_river_crossing,
          nzn_winding_woodlands_5x15_sawtooth,
          nzn_winding_woodlands_5x15_jagged,
          nzn_winding_woodlands_center_triple_pond], layout_loops_ring,
          nicolae_swamp_entry_splash_gauntlet,
          nicolae_spider_entry_lesser_pyramids, basic_altar,
          serial_bayou_shore_b, lemuel_fruit_tree, uniq_gastronok
Lair:4:   layout_cave_pods, lemuel_fruit_fields
Lair:5:   hellmonk_lair_end_abyssal_woods, layout_cave_pods, slime_entry_1,
          special_room [special_room_bee], grunt_forest_small_clearings,
          minivault_24
Swamp:1:  layout_falls_marsh, evilmike_swamp_ruin_house_6, swamp_pool5
Swamp:2:  layout_basic_swamp, evilmike_swamp_ruin_house_3, swamp_pool5
Swamp:3:  layout_falls_marsh, nicolae_swamp_some_circles, swamp_pool4,
          nicolae_swamp_nymph_family_reunion
Orc:1:    layout_caves, ebering_ghost_reflecting_pool, nicolae_orc_bridge_out,
          mines5_lemuel, uniq_snorg
Orc:2:    st_orc_ogre_mass, layout_diamond_mine, basic_altar,
          nicolae_alphabet_shops

Skill      XL: |  1  2  3  4  5  6  7  8  9 10 11 12 13 14 15 16 |
---------------+-------------------------------------------------+-----
Long Blades    | 4 5 8 9 11 13 14 | 14.0
Dodging        | 5 8 10 13 15 17 18 20 | 20.3
Fighting       | 5 7 9 11 13 14 16 17 | 17.5
Throwing       | 3 5 6 |  6.0
Shields        | 3 5 7 10 11 13 14 15 | 15.8
Armour         | |  1.3

Action                     |  1- 3 |  4- 6 |  7- 9 | 10-12 | 13-15 | 16-18 || total
---------------------------+-------+-------+-------+-------+-------+-------++-------
  Melee: Falchion          |   132 |   121 |   508 |    13 |       |       ||   774
         Tailslap          |       |       |     7 |     1 |       |    28 ||    36
         Long sword        |       |       |       |   176 |       |       ||   176
         Scimitar          |       |       |       |   595 |   624 |       ||  1219
         Demon blade       |       |       |       |       |   847 |   497 ||  1344
  Throw: Javelin           |     2 |       |       |     2 |       |    14 ||    18
         Boomerang         |       |       |       |    31 |    54 |       ||    85
 Invoke: Berserk           |     1 |     3 |     8 |    16 |    20 |     8 ||    56
         Trog's Hand       |       |     1 |    10 |    15 |    17 |     6 ||    49
    Use: Potion            |     1 |       |       |     1 |     4 |       ||     6
         Scroll            |       |     7 |    12 |     8 |     8 |     3 ||    38
   Stab: Sleeping          |     2 |     1 |       |       |     1 |       ||     4
         Distracted        |       |       |       |     1 |       |     1 ||     2
 Armour: Robe              |    49 |     4 |       |       |       |       ||    53
         Ring mail         |       |    43 |   157 |     3 |    31 |    82 ||   316
         Steam dragon scal |       |       |       |   111 |       |       ||   111
         Troll leather arm |       |       |       |    58 |   180 |       ||   238
  Dodge: Dodged            |    73 |    43 |   212 |   456 |   952 |   255 ||  1991
  Block: Kite shield       |    19 |    41 |   179 |   509 |   895 |       ||  1643
         Tower shield      |       |       |       |       |   198 |   525 ||   723
